 Dungeon Crawl Stone Soup version 0.29.1-1-gd02db6906a (webtiles) character file.

Game seed: 10385349486545412979

30 Bronimir the Trooper (level 3, -3/33 HPs)
             Began as a Minotaur Monk on Oct 17, 2022.
             Slain by a gnoll
             ... wielding a +0 spear
              (7 damage)
             ... on level 2 of the Dungeon.
             The game lasted 00:01:33 (846 turns).

Bronimir the Trooper (Minotaur Monk)                 Turns: 846, Time: 00:01:34

Health: -3/33      AC:  2    Str: 17    XL:     3   Next: 3%
Magic:  2/2        EV: 13    Int:  7    God:
Gold:   65         SH:  0    Dex: 12    Spells: 2/2 levels left

rFire   . . .      SeeInvis .   a - +0 hand axe
rCold   . . .      Faith    .   (no shield)
rNeg    . . .      Spirit   .   b - +0 robe
rPois   .          Reflect  .   (helmet restricted)
rElec   .          Harm     .   (no cloak)
rCorr   .          Rampage  .   (no gloves)
Will    .....                   (no boots)
Stlth   +.........              (no amulet)
HPRegen 0.11/turn               (no ring)
MPRegen 0.08/turn               (no ring)

@: confused, ambrosia-drunk
A: horns 2, retaliatory headbutt
a: no special abilities


You were on level 2 of the Dungeon.
You visited 1 branch of the dungeon, and saw 2 of its levels.

You collected 65 gold pieces.

Inventory:

Hand Weapons
 a - a +0 hand axe (weapon)
Missiles
 l - 13 stones (quivered)
Armour
 b - a +0 robe (worn)
Scrolls
 e - a scroll of amnesia {unknown}
 g - 2 scrolls of poison {unknown}
 h - 2 scrolls of identify {unknown}
 j - a scroll of blinking {unknown}
 m - a scroll of brand weapon {unknown}
Potions
 d - a potion of attraction {unknown}
 f - a potion of haste {unknown}
 i - a potion of heal wounds {unknown}
 k - a potion of might {unknown}


   Skills:
 * Level 4.2 Fighting
 * Level 4.1 Axes
 + Level 3.7 Dodging
 + Level 1.6 Stealth


You had 2 spell levels left.
You didn't know any spells.
Your spell library was empty.

Dungeon Overview and Level Annotations

Branches:
Dungeon (2/15)

Altars:


Innate Abilities, Weirdness & Mutations

You have a pair of horns on your head.
You reflexively headbutt those who attack you in melee.


Message History

You now have 65 gold pieces (gained 6).
You see here a bat corpse.
You open the door.
There is an open door here.
Found a stone staircase leading down.
Found a leather armour.
l - 13 stones (gained 5)
A gnoll comes into view. It is wielding a +0 spear.
The gnoll shouts!
A rat comes into view.
There are monsters nearby!
The gnoll hits you from afar with a +0 spear.
You hit the rat.
You kill the rat!
The gnoll closely misses you.
Found 5 large rocks.
The gnoll hits you with a +0 spear.
You hit the gnoll but do no damage. The gnoll hits you with a +0 spear.
You hit the gnoll. You headbutt the gnoll.
The gnoll is heavily wounded.
The gnoll hits you with a +0 spear.
You are too injured to fight recklessly!
You are too injured to fight recklessly!
You are too injured to fight recklessly!
You are too injured to fight recklessly!
You are too injured to fight recklessly!
You are too injured to fight recklessly!
You hit the gnoll. Your headbutt misses the gnoll.
The gnoll is heavily wounded.
The gnoll hits you with a +0 spear.
* * * LOW HITPOINT WARNING * * *
The gnoll hits you with a +0 spear.
* * * LOW HITPOINT WARNING * * *
You hit the gnoll.
The gnoll is severely wounded.
The gnoll barely misses you.
You are confused.
You feel invigorated. The gnoll hits you with a +0 spear.
* * * LOW HITPOINT WARNING * * *
The gnoll attacks as you move away! The gnoll hits you with a +0 spear!
You die...

..................
###...#.#####.#...
##. #.# #.#.#. #
#.# ##...# #.#
##.## ######.#
#.## #......# #...
####.####.# #....#
#..@...#### ######
#.g....# ##....##
......# ........~
≈#......#≈≈
.###....###(~ ~≈
...... ≈~


You could see a gnoll.

Vanquished Creatures
  A dart slug (D:1)
  3 ball pythons
  4 giant cockroaches (D:1)
  3 goblins (D:1)
  5 hobgoblins (D:1)
  A quokka (D:1)
  A bat (D:2)
  2 frilled lizards (D:1)
  2 kobolds (D:1)
  3 rats
25 creatures vanquished.

Vanquished Creatures (others)
  5 plants (D:2)
5 creatures vanquished.

Grand Total: 30 creatures vanquished

Notes
Turn   | Place    | Note
-------+----------+-------------------------------------------
     0 | D:1      | Bronimir the Minotaur Monk began the quest for the Orb.
     0 | D:1      | Reached XP level 1. HP: 19/19 MP: 0/0
   178 | D:1      | Reached XP level 2. HP: 23/27 MP: 1/1
   699 | D:2      | Reached XP level 3. HP: 32/33 MP: 2/2
   846 | D:2      | Slain by a gnoll

Illustrated notes

Levels and vault maps discovered:
D:1:      lemuel_arrival_hallway, layout_rooms, minmay_tetromino_s2
D:2:      wad_lake_hut, layout_loops_corners, basic_altar

Skill      XL: |  1  2 |
---------------+-------+-----
Fighting       | 4 |  4.2
Axes           | 4 |  4.1
Dodging        | |  3.7
Stealth        | |  1.6

Action                   || total
-------------------------++-------
Melee: Hand axe          ||    50
       Headbutt          ||    10
  Use: Potion            ||     1
 Stab: Sleeping          ||     1
Armor: Robe              ||     6
Dodge: Dodged            ||    36
